 Dungeon Crawl Stone Soup version 0.30-a0-1112-gfb780f5df6 (webtiles) character file.

Game seed: 13839029332980299432

177 qeuew the Shield-Bearer (level 5, -2/33 HPs)
             Began as a Gargoyle Fighter on Apr 18, 2023.
             Slain by an orc
             ... wielding a +0 club
              (3 damage)
             ... on level 3 of the Dungeon on Apr 19, 2023.
             The game lasted 00:02:48 (1932 turns).

qeuew the Shield-Bearer (Gargoyle Fighter)          Turns: 1932, Time: 00:02:51

Health: -2/33      AC: 11    Str: 19    XL:     5   Next: 57%
Magic:  5/5        EV:  9    Int:  9    God:
Gold:   121        SH:  4    Dex: 11    Spells: 4/4 levels left

rFire   . . .      SeeInvis .    a - +0 flail
rCold   . . .      Faith    .    c - +0 buckler
rNeg    + . .      Spirit   .    b - +0 scale mail
rPois   ∞          Reflect  .    (no helmet)
rElec   +          Rampage  .    (no cloak)
rCorr   .                        (no gloves)
Will    .....                    (no boots) Stlth
                                 (no amulet)
HPRegen 0.25/turn                (no ring)
MPRegen 0.09/turn                (no ring)

@: no status effects
A: sickness immunity, AC +4, negative energy resistance 1, electricity
resistance, torment resistance 1, petrification resistance
a: no special abilities


You were on level 3 of the Dungeon.
You visited 1 branch of the dungeon, and saw 3 of its levels.

You collected 135 gold pieces.
You spent 14 gold pieces at shops.

Inventory:

Hand Weapons
 a - a +0 flail (weapon)
Armour
 b - a +0 scale mail (worn)
 c - a +0 buckler (worn)
Scrolls
 e - a scroll of noise {unknown}
 f - a scroll of identify {unknown}
Potions
 d - 3 potions of might


   Skills:
 * Level 4.2 Fighting
 * Level 3.0 Maces & Flails
 * Level 4.2 Armour
 + Level 1.1 Dodging
 * Level 4.3 Shields


You had 4 spell levels left.
You didn't know any spells.
Your spell library contained the following spells:

 Spells                   Type           Power      Damage    Failure   Level
 Dispel Undead            Necr           0%         3d6       100%        4
 Death Channel            Necr           0%         N/A       100%        6
 Cigotuvi's Dreadful Rot  Necr/Pois/Air  Unusable   N/A       N/A         2

Dungeon Overview and Level Annotations

Branches:
Dungeon (3/15)

Altars:

Shops:
D:1 !


Innate Abilities, Weirdness & Mutations

You are immune to sickness and miasma.
Your stone body is resilient. (AC +4)
You are immune to poison.
You resist negative energy. (rN+)
You are resistant to electric shocks. (rElec)
You are resistant to unholy torment.
You are immune to petrification.


Message History

You hit the orc priest.
You kill the orc priest!
Your Maces & Flails skill increases to level 3!
Unknown command.
Unknown command.
It was a potion of curing.
You feel better.
The orc priest begins to cast a cantrip, but forgets the words!
You barely miss the orc.
The orc priest looks braver for a moment.
The orc hits you but does no damage.
You barely miss the orc. The orc hits you but does no damage.
You hit the orc.
The orc is almost dead.
The orc priest calls upon Beogh to heal the orc.
The orc is healed somewhat.
The orc closely misses you. The orc hits you but does no damage.
You hit the orc.
The orc is heavily wounded.
You block the orc's attack.
You barely miss the orc.
The orc is heavily wounded.
The orc hits you but does no damage. x2; The orc priest barely misses you.
You block the orc's attack. The orc closely misses you.
You hit the orc priest but do no damage.
The orc priest completely misses you. The orc hits you but does no damage. x2
You hit the orc priest.
The orc priest is moderately wounded.
The orc priest begins to cast a cantrip, but forgets the words!
The orc hits you but does no damage. x2
You hit the orc priest.
The orc priest is heavily wounded.
The orc priest barely misses you. The orc barely misses you. x2
You barely miss the orc priest.
The orc priest is heavily wounded.
The orc priest calls down the wrath of Beogh upon you.
Beogh smites you!
Ouch! That really hurt!
* * * LOW HITPOINT WARNING * * *
The orc hits you with a +0 club.
You die...

### #######.##
#........########
#.......#.......#
#........#.####.#
##.......##.#
#.###
##..†..:..##.#
#....
#...o........#
#.<#.
#..o@.....####
##... #..o####.##
##.# ##.# #.# #.#
#. #.. ########.#
.. ##.##......#.#
.. ###......#.#
... #.##.##..#
... #.#...####
#...#.....


You could see an orc priest and 2 orcs.

Vanquished Creatures
  An orc priest (D:3)
  Robin (D:3)
  7 adders
  2 worms
  4 ball pythons
  5 bats
  4 endoplasms
  2 giant cockroaches
  12 goblins
  4 hobgoblins
  6 jackals
  7 kobolds
  6 quokkas
  4 frilled lizards
  5 rats
70 creatures vanquished.

Vanquished Creatures (others)
  3 fungi (D:3)
  5 plants (D:3)
8 creatures vanquished.

Grand Total: 78 creatures vanquished

Notes
Turn   | Place    | Note
-------+----------+-------------------------------------------
     0 | D:1      | qeuew the Gargoyle Fighter began the quest for the Orb.
     0 | D:1      | Reached XP level 1. HP: 14/14 MP: 1/1
    75 | D:1      | Reached XP level 2. HP: 9/19 MP: 2/2
   135 | D:1      | Found Aleotigg's Distillery.
   210 | D:1      | Bought a potion of degeneration for 14 gold pieces
   320 | D:1      | Reached XP level 3. HP: 19/23 MP: 3/3
   962 | D:2      | Reached XP level 4. HP: 29/29 MP: 4/4
  1080 | D:2      | Upgraded the game from 0.30-a0-1103-g25895a7845 to
                  | 0.30-a0-1112-gfb780f5df6
  1624 | D:3      | Reached skill level 1 in Dodging
  1624 | D:3      | Reached XP level 5. HP: 33/33 MP: 5/5
  1675 | D:3      | Noticed Robin
  1698 | D:3      | Killed Robin
  1932 | D:3      | HP: 1/33 [orc priest/divine providence (17)]
  1932 | D:3      | Slain by an orc

Illustrated notes

Levels and vault maps discovered:
D:1:      moated_graveyard_arrival, layout_basic, serial_shops, shop,
          minmay_tetromino_s4
D:2:      layout_basic
D:3:      layout_loops_cross, nzn_wu_jian_council_hall,
          nicolae_ru_the_path_less_chosen, led_sif_book, minmay_misc_feat_tower,
          uniq_robin

Skill      XL: |  1  2  3  4  5 |
---------------+----------------+-----
Fighting       | 4 |  4.2
Armour         | 4 |  4.2
Shields        | 4 |  4.3
Dodging        | 1 |  1.1
Maces & Flails | 3 |  3.0

Action                     |  1- 3 |  4- 6 || total
---------------------------+-------+-------++-------
  Melee: Flail             |   140 |   150 ||   290
    Use: Potion            |     2 |     2 ||     4
         Scroll            |       |     2 ||     2
 Armour: Scale mail        |   142 |   107 ||   249
  Dodge: Dodged            |   107 |    89 ||   196
  Block: Buckler           |    41 |    39 ||    80

Table legend: (Time is in decaauts)
 A = Elapsed time spent in this place.
 B = Non-inter-level travel time spent in this place.
 C = Inter-level travel time spent in this place.
 D = Time resting spent in this place.
 E = Time spent auto-exploring this place.
 F = Levels seen in this place.
 G = Mean time per level.
                   A        B        C        D        E       F      G
               +--------+--------+--------+--------+--------+-----+--------+
         Total |   2022 |   1952 |     70 |     36 |   1335 |   3 |  674.0 |
       Dungeon |   2022 |   1952 |     70 |     36 |   1335 |   3 |  674.0 |
               +--------+--------+--------+--------+--------+-----+--------+

Top non-repeatable levels by time:
     D:2: 908 daAuts
     D:1: 738 daAuts
     D:3: 374 daAuts
